 Dungeon Crawl Stone Soup version 0.28.0-1-gb440e238dd (webtiles) character file.

Game seed: 6815864732825401071

2 fragbeetle the Bolt Thrower (level 1, 0/18 HPs)
             Began as a Minotaur Hunter on Feb 24, 2022.
             Slain by a ball python (2 damage)
             ... on level 1 of the Dungeon.
             The game lasted 00:00:23 (74 turns).

fragbeetle the Bolt Thrower (Minotaur Hunter)         Turns: 74, Time: 00:00:24

Health: 0/18       AC:  3    Str: 16    XL:     1   Next: 33%
Magic:  0/0        EV: 11    Int:  8    God:
Gold:   24         SH:  0    Dex: 10    Spells: 0/0 levels left

rFire   . . .      SeeInvis .   b - +0 short sword
rCold   . . .      Faith    .   (no shield)
rNeg    . . .      Spirit   .   c - +0 leather armour
rPois   .          Reflect  .   (helmet restricted)
rElec   .          Harm     .   (no cloak)
rCorr   .          Rampage  .   (no gloves)
Will    .....                   (no boots)
Stlth   +.........              (no amulet)
HPRegen 0.06/turn               (no ring)
MPRegen 0.07/turn               (no ring)

@: no status effects
A: horns 2, retaliatory headbutt
a: no special abilities


You were on level 1 of the Dungeon.
You visited 1 branch of the dungeon, and saw 1 of its levels.

You collected 24 gold pieces.

Inventory:

Hand Weapons
 a - a +1 hand crossbow
 b - a +0 short sword (weapon)
Missiles
 d - 20 bolts
Armour
 c - a +0 leather armour (worn)


   Skills:
 * Level 2.8 Fighting
 - Level 4.3 Crossbows
 - Level 2.1 Dodging
 - Level 0.7 Stealth


You couldn't memorise any spells.
You didn't know any spells.
Your spell library contained the following spells:

 Spells                   Type           Power      Damage    Failure   Level
 Slow                     Hex            0%         N/A       47%         1


Dungeon Overview and Level Annotations

Branches:
Dungeon (1/15)

Altars:


Innate Abilities, Weirdness & Mutations

You have a pair of horns on your head.
You reflexively headbutt those who attack you in melee.


Message History

The kobold moves out of view.
You hear an angry hiss. x2
A ball python and a goblin come into view.
The ball python hisses angrily.
The goblin shouts!
Unknown command.
The goblin closely misses you. You furiously retaliate!
You headbutt the goblin.
You kill the goblin!
You hit the kobold. Your headbutt misses the kobold.
The kobold is moderately wounded.
The kobold barely misses you.
You hit the kobold but do no damage. Your headbutt misses the kobold.
The kobold is moderately wounded.
The ball python bites you. The ball python grabs you.
The ball python constricts you. The kobold barely misses you.
You closely miss the ball python.
The ball python bites you but does no damage.
The ball python constricts you.
A frilled lizard comes into view.
The kobold hits you with a +0 whip.
You hit the ball python.
The ball python is moderately wounded.
The ball python bites you but does no damage.
The ball python constricts you. The kobold hits you with a +0 whip.
The ball python bites you. The ball python constricts you.
You hit the ball python but do no damage.
The ball python is moderately wounded.
The ball python bites you. The ball python constricts you.
The kobold hits you with a +0 whip.
* * * LOW HITPOINT WARNING * * *
You escape the ball python's grasp.
You closely miss the ball python. You headbutt the ball python.
The ball python is severely wounded.
The ball python bites you.
* * * LOW HITPOINT WARNING * * *
The ball python closely misses you.
You closely miss the ball python.
The ball python is severely wounded.
The ball python bites you.
You die...

.##.......... ............
#........... #l..........
#.......... #..........
#.##$K.)......
#....S###+######
######@........#
#.........# #+#
#.........# ##.#
########.........# ...#
#................# #.###
#................# ##...##
#................# ...#..#
#................#
##.##.###................#


You could see a ball python, a kobold and a frilled lizard.

Vanquished Creatures
  A goblin (D:1)
  2 rats (D:1)
3 creatures vanquished.

Notes
Turn   | Place    | Note
-------+----------+-------------------------------------------
     0 | D:1      | fragbeetle the Minotaur Hunter began the quest for the Orb.
     0 | D:1      | Reached XP level 1. HP: 18/18 MP: 0/0
    18 | D:1      | Found a faded altar of an unknown god.
    27 | D:1      | Got Plato's Tome of the Oath
    74 | D:1      | Slain by a ball python

Illustrated notes

Levels and vault maps discovered:
D:1:      dpeg_arrival_tiny_d, layout_basic,
          shapermc_ecumenical_altar_rom_forum, minmay_3d_cube

Action                   || total
-------------------------++-------
Melee: Short sword       ||    12
       Headbutt          ||     2
Armor: Leather armour    ||     3
Dodge: Dodged            ||     8
